 Dungeon Crawl Stone Soup version 0.28-a0-1152-g9c71ebef14 (webtiles) character file.

Game seed: 17512104454027379128

4 spaghetti the Skirmisher (level 1, -3/26 HPs)
             Began as an Ogre Delver on Dec 14, 2021.
             Slain by a bullfrog skeleton (5 damage)
             ... on level 6 of the Dungeon.
             The game lasted 00:01:04 (119 turns).

spaghetti the Skirmisher (Ogre Delver)               Turns: 119, Time: 00:01:05

Health: -3/26      AC:  3    Str: 15    XL:     1   Next: 60%
Magic:  1/1        EV:  9    Int: 11    God:
Gold:   0          SH:  0    Dex: 10    Spells: 0/0 levels left

rFire   . . .      SeeInvis .   h - +2 rapier (venom) {short}
rCold   . . .      Faith    .   (no shield)
rNeg    . . .      Spirit   .   b - +0 robe
rPois   .          Reflect  .   (helmet restricted)
rElec   .          Harm     .   (no cloak)
rCorr   .          Rampage  .   (gloves unavailable)
Will    .....                   (boots unavailable)
Stlth   ++........              (no amulet)
HPRegen 0.08/turn               (no ring)
MPRegen 0.07/turn               (no ring)

@: hasted, very quick
A: large, unfitting armour, tough skin 1
a: no special abilities


You were on level 6 of the Dungeon.
You visited 1 branch of the dungeon, and saw 2 of its levels.


Innate Abilities, Weirdness & Mutations

You are too large for most types of armour.
You have tough skin. (AC +1)


   Skills:
 + Level 4.4 Fighting
 - Level 1.7 Maces & Flails
 - Level 1.7 Dodging
 - Level 3.7 Stealth


You couldn't memorise any spells.
You didn't know any spells.
Your spell library was empty.

Inventory:

Hand Weapons
 a - a +0 mace {mace}
 h - a +2 rapier of venom (weapon) {short}
   (You found it on level 6 of the Dungeon)
Armour
 b - a +0 robe (worn)
Wands
 g - a wand of digging (2)
Scrolls
 c - a scroll of fog
 d - a scroll of magic mapping {!r}
 i - 2 scrolls of amnesia

Dungeon Overview and Level Annotations

Branches:
Dungeon (6/15)
 Temple: D:4-7

Altars:

### ##@#
##Z## ##.##
##h## ##.##
####.##
#.#.##
##$.###
#####...#.##


You could see a black bear and a bullfrog skeleton.


Message History

Unknown command.
Unknown command.
Unknown command. 😮 HP[+1]
There is a stone staircase leading down here.
You climb downwards.
There is a stone staircase leading up here. 😮 HP[+1] Unknown command.
Unknown command.
Press: ? - help, v - describe, . - travel, g - get item Item here: a glowing rapier.
The floor.
Unknown command.
h - a +2 rapier of venom {short}
There are no items here.
Your +2 rapier of venom {short} begins to drip with poison!
h - a +2 rapier of venom (weapon)
{short} Unknown command.
Unknown command. 😮 HP[+1]
i - 3 scrolls labelled UDWUTW MOIL
There are no items here.
As you read the scroll labelled UDWUTW MOIL, it crumbles to dust.
It is a scroll of amnesia.
You feel forgetful for a moment.
Unknown command.
A black bear comes into view.
Unknown command.
Okay, then.
Okay, then.
A black bear is nearby!
You are too injured to fight recklessly!
You are too injured to fight recklessly!
You are too injured to fight recklessly!
Unknown command.
A bullfrog skeleton comes into view.
The black bear growls angrily. 😮 HP[+1]
Okay, then.
There are no items here.
Aiming: Dig
Press: ? - help, Shift-Dir - straight line A rock wall.
The rock shatters into small pieces.
Unknown command.
The black bear bites you. The black bear barely misses you.
The black bear claws you.
* * * LOW HITPOINT WARNING * * *
😨 HP[-6]
You take 6 damage, and now have 13/26 hp.
MASSIVE DAMAGE!! (PAUSE)
You puncture the black bear! The black bear closely misses you.
The black bear claws you but does no damage.
The black bear claws you.
* * * LOW HITPOINT WARNING * * *
😨 HP[-2]
You take 2 damage, and now have 11/26 hp.
Unknown command.
Okay, then.
As you read the scroll of fear, it crumbles to dust.
You assume a fearsome visage.
The black bear looks frightened!
The bullfrog skeleton is unaffected.
Unknown command. 😨 HP[+1] Unknown command.
You puncture the bullfrog skeleton! The bullfrog skeleton hits you.
* * * LOW HITPOINT WARNING * * *
😨 HP[-4]
You take 4 damage, and now have 8/26 hp.
You barely miss the bullfrog skeleton. The bullfrog skeleton hits you.
* * * LOW HITPOINT WARNING * * *
The bullfrog skeleton barely misses you. 😱 HP[-3]
You take 3 damage, and now have 5/26 hp.
Unknown command.
Unknown command.
Okay, then.
Okay, then.
Okay, then.
You feel yourself speed up.
The bullfrog skeleton barely misses you.
You barely miss the bullfrog skeleton. The bullfrog skeleton hits you.
* * * LOW HITPOINT WARNING * * *
😱 HP[-3]
You take 3 damage, and now have 2/26 hp.
Unknown command.
Unknown command.
You hit the bullfrog skeleton.
The bullfrog skeleton closely misses you.
You barely miss the bullfrog skeleton.
The bullfrog skeleton closely misses you.
Unknown command.
You barely miss the bullfrog skeleton.
The bullfrog skeleton barely misses you.
Unknown command.
Unknown command.
Unknown command.
You hit the bullfrog skeleton. The bullfrog skeleton hits you.
You die...

Action                   || total
-------------------------++-------
Melee: Rapier            ||     8
       Mace              ||     3
Evoke: Wand              ||     1
  Use: Scroll            ||     3
       Potion            ||     1
Armor: Robe              ||     2
Dodge: Dodged            ||     8

Levels and vault maps discovered:
D:5:      kennysheep_slugbush, layout_basic, doesnt_shop_hydraphobe
D:6:      layout_cave_pools

Notes
Turn   | Place    | Note
-------+----------+-------------------------------------------
     0 | D:5      | spaghetti the Ogre Delver began the quest for the Orb.
     0 | D:5      | Reached XP level 1. HP: 24/24 MP: 1/1
     0 | D:5      | magus.rc [v1.9.6]
    73 | D:6      | Noticed a phantom
    73 | D:6      | Noticed a hound
    93 | D:6      | Noticed a black bear
   113 | D:6      | HP: 5/26 [bullfrog skeleton (3)]
   115 | D:6      | HP: 2/26 [bullfrog skeleton (3)]
   119 | D:6      | Slain by a bullfrog skeleton

Vanquished Creatures
  2 orcs (D:5)
2 creatures vanquished.

Table legend:
 A = Non-vault XP
 B = Vault XP
 C = Vault XP percentage of total XP
 D = Non-vault monster count
 E = Vault monster count
 F = Vault count percentage of total count
                 A         B        C        D         E       F
            +---------+---------+-------+---------+---------+-------
      Total |       6 |       0 |   0.0 |       2 |       0 |   0.0
            +---------+---------+-------+---------+---------+-------
        D:5 |       6 |       0 |   0.0 |       2 |       0 |   0.0
            +---------+---------+-------+---------+---------+-------

Illustrated notes

Table legend:
 A = Kills in this place as a percentage of kills in entire the game.
 B = Kills by you in this place as a percentage of kills by you in the entire game.
 C = Kills by friends in this place as a percentage of kills by friends in the entire game.
 D = Other kills in this place as a percentage of other kills in the entire game.
 E = Experience gained in this place as a percentage of experience gained in the entire game.
 F = Experience gained in this place divided by the number of levels of this place that you have seen.
                   A       B       C       D       E      F
               +-------+-------+-------+-------+-------+----------------------
         Total | 100.0 | 100.0 |   N/A |   N/A | 100.0 |   3.0
       Dungeon | 100.0 | 100.0 |   N/A |   N/A | 100.0 |   3.0
               +-------+-------+-------+-------+-------+----------------------

Table legend: (Time is in decaauts)
 A = Elapsed time spent in this place.
 B = Non-inter-level travel time spent in this place.
 C = Inter-level travel time spent in this place.
 D = Time resting spent in this place.
 E = Time spent auto-exploring this place.
 F = Levels seen in this place.
 G = Mean time per level.
                   A        B        C        D        E       F      G
               +--------+--------+--------+--------+--------+-----+--------+
         Total |    119 |    119 |      0 |      0 |     41 |   2 |   59.5 |
       Dungeon |    119 |    119 |      0 |      0 |     41 |   2 |   59.5 |
               +--------+--------+--------+--------+--------+-----+--------+

Top non-repeatable levels by time:
     D:5: 73 daAuts
     D:6: 45 daAuts
